 Dungeon Crawl Stone Soup version 0.22-a0-157-g169b76a (webtiles) character file.

89027 mhoghedin the Fighter (level 15, -1/139 HPs)
             Began as a Ghoul Gladiator on Feb 7, 2018.
             Was the Champion of Nemelex Xobeh.
             Killed from afar by a thorn hunter (2 damage)
             ... with a volley of thorns
             ... on level 2 of the Swamp on Feb 8, 2018.
             The game lasted 01:22:48 (25753 turns).

mhoghedin the Fighter (Ghoul Gladiator)            Turns: 25753, Time: 01:22:49

Health: -1/139     AC: 35    Str: 26    XL:     15   Next: 95%
Magic:  23/23      EV: 14    Int:  4    God:    Nemelex Xobeh [******]
Gold:   2251       SH:  0    Dex: 11    Spells: 14/14 levels left

rFire    + . .     SeeInvis .   a - +3 dire flail (protect)
rCold    + + .     Gourm    .   (shield currently unavailable)
rNeg     + + +     Faith    +   w - +7 chain mail of the Monk {*Drain rF+ Str+3 Stlth+}
rPois    ∞         Spirit   .   C - +2 hat {MR+}
rElec    +         Reflect  .   B - scarf {cloud immunity}
rCorr    +         Harm     .   P - +0 pair of gloves of Repulsion {rC+ rCorr}
MR       +++..                  l - +0 pair of boots of the Townfolk {rElec}
Stlth    ..........             j - amulet of faith {Faith, !P}
HPRegen  0.00/turn              y - ring of protection from magic {MR+, !d}
MPRegen  0.18/turn              F - ring "Irec" {+Inv AC+5}

@: protection aura, rotting
A: rotting body, claws 1, carnivore, cold resistance 1, negative energy
resistance 3, inhibited regeneration, torment resistance, unbreathing
a: Triple Draw, Deal Four, Stack Five, Renounce Religion, Evoke Invisibility


You were on level 2 of the Swamp.
You worshipped Nemelex Xobeh.
Nemelex Xobeh was exalted by your worship.
You were not hungry.

You visited 6 branches of the dungeon, and saw 27 of its levels.
You also visited: Sewer, Bailey and Ice Cave.

You collected 2431 gold pieces.
You spent 180 gold pieces at shops.

Inventory:

Hand Weapons
 a - a +3 dire flail of protection (weapon)
   (You found it in an ice cave)
Missiles
 d - 8 throwing nets {=f, !d}
Armour
 b - a +2 helmet
   (You found it on level 7 of the Dungeon)
 l - the +0 pair of boots of the Townfolk (worn) {rElec}
   (You found it on level 12 of the Dungeon)

   It insulates you from electricity.
 w - the +7 chain mail of the Monk (worn) {*Drain rF+ Str+3 Stlth+}
   (You found it on level 5 of the Dungeon)

   It affects your strength (+3).
   It protects you from fire.
   It causes draining when unequipped.
   It makes you more stealthy.
 B - a scarf of cloud immunity (worn)
   (You found it on level 5 of the Lair of Beasts)
 C - a +2 hat of magic resistance (worn)
   (You found it on level 15 of the Dungeon)
 H - a +0 shield
   (You found it on level 9 of the Dungeon)
 P - the +0 pair of gloves of Repulsion (worn) {rC+ rCorr}
   (You found it on level 2 of the Lair of Beasts)

   It protects you from cold.
   It protects you from acid and corrosion.
Jewellery
 j - an amulet of faith (around neck) {Faith, !P}
   (You found it on level 1 of the Dungeon)
 y - a ring of protection from magic (left hand) {MR+, !d}
   (You found it on level 2 of the Lair of Beasts)
 z - an uncursed ring of see invisible {sInv, !d}
   (You bought it in a shop on level 2 of the Orcish Mines)
 F - the ring "Irec" (right hand) {+Inv AC+5}
   (You found it on level 13 of the Dungeon)

   [ring of protection]

   It affects your AC (+5).
   It lets you turn invisible.
 R - an uncursed ring of flight {+Fly, !d}
   (You found it on level 11 of the Dungeon)
Scrolls
 g - 9 scrolls of magic mapping {!r}
 o - 13 scrolls of amnesia
 p - 8 scrolls of identify
 q - 6 scrolls of teleportation
 u - 2 scrolls of fog
 O - 5 scrolls of remove curse
 S - 3 scrolls of enchant weapon
 V - a scroll of summoning
 Y - 2 scrolls of enchant armour
Potions
 c - 2 potions of brilliance
 k - 2 potions of ambrosia
 s - 5 potions of curing
 x - a potion of cancellation
 G - 2 potions of resistance
 I - a potion of agility
 M - 2 potions of flight
 Q - a potion of haste
Miscellaneous
 e - an ornate deck of escape
   (Nemelex Xobeh gifted it to you on level 2 of the Orcish Mines)
 h - an ornate deck of escape
   (Nemelex Xobeh gifted it to you on level 15 of the Dungeon)
 i - a legendary deck of destruction
   (Nemelex Xobeh gifted it to you on level 2 of the Lair of Beasts)
 m - an ornate deck of escape
   (Nemelex Xobeh gifted it to you on level 12 of the Dungeon)
 r - a legendary deck of destruction
   (Nemelex Xobeh gifted it to you on level 6 of the Lair of Beasts)
 t - a legendary deck of destruction
   (Nemelex Xobeh gifted it to you on level 4 of the Lair of Beasts)
 v - a legendary deck of destruction
   (Nemelex Xobeh gifted it to you on level 15 of the Dungeon)
 A - a legendary deck of summoning
   (Nemelex Xobeh gifted it to you on level 13 of the Dungeon)
 D - an ornate deck of summoning {drawn: 1}
   (Nemelex Xobeh gifted it to you on level 1 of the Spider Nest)
 E - an ornate deck of destruction
   (Nemelex Xobeh gifted it to you on level 2 of the Orcish Mines)
 J - an ornate deck of destruction {drawn: 1}
   (Nemelex Xobeh gifted it to you on level 12 of the Dungeon)
Comestibles
 f - 51 rations


   Skills:
 + Level 14.5 Fighting
 + Level 13.0 Maces & Flails
 - Level 1.7 Throwing
 + Level 9.0 Armour
 + Level 11.9 Dodging
 - Level 3.0 Shields
 + Level 13.1 Invocations


You had 14 spell levels left.
You didn't know any spells.

Dungeon Overview and Level Annotations

Branches:
Dungeon (15/15)            Temple (0/1) D:4            Lair (6/6) D:10
  Swamp (1/4) Lair:3       Spider (1/4) Lair:2        Slime (0/5) Lair:6
    Orc (2/2) D:12            Elf (1/3) Orc:2        Vaults (0/5) D:13
 Depths (0/5) D:15

Altars:
Ashenzari
Dithmenos
Fedhas
Gozag
Makhleb
Nemelex Xobeh
Trog
Xom
The Shining One
Beogh

Shops:
D:6 (   Orc:2 =}:?[


Innate Abilities, Weirdness & Mutations

Your body is rotting away.
You thrive on raw meat.
You are immune to poison.
You have sharp fingernails.
You are carnivorous and can eat meat at any time.
Your flesh is cold resistant. (rC+)
You are immune to negative energy. (rN+++)
You do not regenerate when monsters are visible.
You are immune to unholy pain and torment.
You can survive without breathing.


Message History

The seven-headed hydra bites you but does no damage. x2
The seven-headed hydra bites you.
* * * LOW HITPOINT WARNING * * *
The seven-headed hydra bites you but does no damage.
The seven-headed hydra completely misses you.
The seven-headed hydra bites you but does no damage.
The alligator bites mhoghedin's illusion!!
The alligator tail-slaps mhoghedin's illusion but does no damage.
Mhoghedin's illusion hits the seven-headed hydra!
Mhoghedin's illusion hits the alligator!!
You take 7 damage, and have 41/139 hp.
The briar patch crumbles away.
The wyvern misses mhoghedin's illusion.
The thorn hunter closely misses mhoghedin's illusion.
The thorn hunter barely misses mhoghedin's illusion.
The alligator barely misses mhoghedin's illusion.
The alligator closely misses mhoghedin's illusion.
The seven-headed hydra barely misses mhoghedin's illusion. x2
The seven-headed hydra bites mhoghedin's illusion.
The seven-headed hydra bites mhoghedin's illusion but does no damage.
The seven-headed hydra misses mhoghedin's illusion.
The seven-headed hydra bites mhoghedin's illusion but does no damage.
The seven-headed hydra closely misses mhoghedin's illusion.
The wyvern bites mhoghedin's illusion.
Mhoghedin's illusion barely misses the alligator.
Found a stone staircase leading down.
You puncture the seven-headed hydra!
The thorn hunter fires a volley of thorns at you.
The volley of thorns hits you!
* * * LOW HITPOINT WARNING * * *
The alligator misses mhoghedin's illusion. x2
The wyvern bites mhoghedin's illusion.
The seven-headed hydra bites you but does no damage. x5
The seven-headed hydra completely misses you.
The seven-headed hydra closely misses you.
You take 18 damage, and have 23/139 hp.
You barely miss the seven-headed hydra.
The wyvern hisses menacingly.
Mhoghedin's illusion hits the wyvern!
The wyvern dies!
The wyvern's corpse disappears in a puff of smoke!
The alligator bites mhoghedin's illusion!!
The alligator tail-slaps mhoghedin's illusion but does no damage.
You barely miss the seven-headed hydra.
The seven-headed hydra bites you but does no damage. x2
The seven-headed hydra bites you.
* * * LOW HITPOINT WARNING * * *
The seven-headed hydra bites you but does no damage.
The seven-headed hydra barely misses you. x2
The seven-headed hydra bites you but does no damage.
The thorn hunter hits you!
* * * LOW HITPOINT WARNING * * *
The thorn hunter barely misses you.
Mhoghedin's illusion completely misses the seven-headed hydra.
Mhoghedin's illusion hits the alligator.
The alligator bites mhoghedin's illusion but does no damage.
The alligator tail-slaps mhoghedin's illusion but does no damage.
You take 16 damage, and have 7/139 hp.
Unknown command.
You hit the thorn hunter.
The briar patch crumbles away.
The thorn hunter completely misses you. The thorn hunter barely misses you.
The seven-headed hydra bites you.
* * * LOW HITPOINT WARNING * * *
The seven-headed hydra bites you but does no damage.
The seven-headed hydra closely misses you.
The seven-headed hydra barely misses you.
The seven-headed hydra bites you but does no damage. x2
The seven-headed hydra closely misses you.
You take 4 damage, and have 3/139 hp.
You hit the thorn hunter but do no damage.
Mhoghedin's illusion hits the seven-headed hydra!!
The alligator closely misses mhoghedin's illusion.
The alligator tail-slaps mhoghedin's illusion but does no damage.
Mhoghedin's illusion hits the alligator.
You hit the thorn hunter. The wyvern completely misses you.
The thorn hunter closely misses you. The thorn hunter misses you.
The alligator puts on a burst of speed!
The seven-headed hydra bites you but does no damage. x2
The seven-headed hydra bites you.
* * * LOW HITPOINT WARNING * * *
The seven-headed hydra bites you but does no damage.
The seven-headed hydra closely misses you.
The seven-headed hydra bites you but does no damage. x2
Mhoghedin's illusion barely misses the seven-headed hydra.
You take 2 damage, and have 1/139 hp.
You hit the thorn hunter.
The briar patch crumbles away. x3
The wyvern bites you but does no damage.
The thorn hunter hits you but does no damage. x2
The seven-headed hydra barely misses you.
The seven-headed hydra bites you but does no damage. x2
The seven-headed hydra misses you.
The seven-headed hydra bites you but does no damage. x2
The seven-headed hydra closely misses you.
You closely miss the thorn hunter.
Mhoghedin's illusion disappears in a puff of smoke!
The briar patch crumbles away. x3; The wyvern barely misses you.
Mhoghedin's illusion hits the alligator!!
The thorn hunter fires a volley of thorns at you.
The volley of thorns hits you!
You die...
Your body glows with a rainbow of weird colours and disappears.

≈≈..../ ...≈≈≈.
≈.≈..≈. ♣...≈≈.
≈..≈♣≈.♣♣
≈..≈≈..@♣
≈..≈..♣≈♣
≈♣.≈≈.Dt♣♣
.≈.≈≈.f@.♣
.≈....l≈≈≈♣
.≈.≈♣.≈≈≈≈.♣
..≈≈≈.PP≈≈..♣
≈≈≈≈♣.≈P..P≈P≈
≈≈≈..[♣≈≈♣/≈≈≈≈
....♣≈≈§≈.≈.≈♣≈
.≈≈≈♣.≈≈>≈≈≈.≈


You could see a thorn hunter, an alligator, a seven-headed hydra, a wyvern and
the friendly mhoghedin's illusion.

Vanquished Creatures
  Nessos (D:14)
  The ghost of wazuzu the Spear-Bearer, a journeyman MiMo of Ru (Lair:4)
  Snorg (Orc:2)
  Josephine (D:13)
  Erolcha (Orc:1)
  6 hydras
  Harold (D:11)
  3 centaur warriors
  5 two-headed ogres
  Erica (D:8)
  2 large abominations (D:12)
  2 tengu warriors
  An orc high priest (Orc:2)
  The ghost of sankara the Transmogrifier, a novice DrTm of Makhleb (D:7)
  A glowing orange brain (D:10)
  4 orc knights
  Pikel (D:4)
  A necromancer (D:15)
  3 wolf spiders
  3 cyclopes
  An oklob plant (Lair:2)
  8 ugly things
  3 deep elf magi (D:15)
  An orc sorcerer (D:11)
  A moth of wrath (Spider:1)
  3 centaur zombies
  5 black mambas
  A rime drake (Lair:5)
  A gargoyle (D:13)
  9 spiny frogs
  6 centaur skeletons
  A freezing wraith (D:15)
  7 komodo dragons
  A demonic crawler (Spider:1)
  8 trolls
  A jumping spider (Spider:1)
  2 polar bears
  A tyrant leech (Lair:3)
  7 hornets
  2 blink frogs (Lair:1)
  8 slime creatures
  A harpy skeleton (D:13)
  2 bog bodies (Swamp:1)
  A meliai zombie (D:15)
  5 hippogriffs
  A tarantella (Lair:2)
  A shadow (D:12)
  Sigmund (D:5)
  A tarantella (shapeshifter) (D:15)
  7 spriggans (Lair:6)
  3 vampires
  4 wraiths
  55 yaks
  3 wyverns
  A basilisk (Lair:2)
  A hog (Lair:6)
  2 humans (Lair:6)
  A steam dragon (D:12)
  5 vampire mosquitoes
  Menkaure (D:4)
  A hungry ghost (D:14)
  3 wargs
  An acid dragon (D:13)
  Duvessa (D:4)
  2 soldier ants
  4 water moccasins
  3 porcupines
  27 orc warriors
  A phantom (D:12)
  9 black bears
  An eye of draining (D:14)
  4 ice beasts
  A necrophage (D:8)
  6 sky beasts
  13 ogres
  29 wolves
  3 boggarts (Lair:6)
  15 centaurs
  11 crocodiles
  4 big kobolds
  15 bullfrogs
  Dowan (D:4)
  2 scorpions
  3 killer bees (D:13)
  17 wights
  3 howler monkeys
  A bullfrog zombie (D:13)
  9 crimson imps
  21 orc priests
  2 jellies
  5 hounds
  A bullfrog skeleton (D:7)
  21 orc wizards
  2 iguanas
  7 worker ants
  A hell rat (D:10)
  A hound skeleton (D:4)
  A howler monkey skeleton (D:5)
  7 gnolls
  15 adders
  3 river rats
  5 shadow imps
  A white imp (D:10)
  A howler monkey simulacrum (D:10)
  3 oozes
  An adder zombie (D:10)
  4 worms
  2 dart slugs
  8 leopard geckos
  100 orcs
  11 bats
  2 giant cockroaches (D:3)
  7 goblins
  2 hobgoblins
  18 jackals
  3 quokkas
  4 ball pythons
  4 frilled lizards
  A jackal zombie (D:8)
  18 kobolds
  A leopard gecko skeleton (D:8)
  A leopard gecko zombie (D:8)
  8 rats
  2 fungi (Lair:4)
697 creatures vanquished.

Vanquished Creatures (collateral kills)
  Rupert (Lair:6)
  A tengu reaver (D:12)
  A deep elf high priest (D:12)
  3 hydras
  A catoblepas (Lair:5)
  3 two-headed ogres
  3 death yaks (D:10)
  2 orc high priests (Orc:2)
  An unseen horror (D:15)
  A necromancer (D:13)
  A wolf spider (Lair:2)
  5 ugly things
  An orc sorcerer (D:15)
  A torpor snail (Lair:3)
  A black mamba (Lair:6)
  2 ice statues (IceCv)
  A spiny frog (Lair:3)
  A komodo dragon (Lair:6)
  A troll (D:10)
  A hornet (Lair:2)
  2 polar bears (Lair:6)
  4 blink frogs (Lair:1)
  3 slime creatures
  2 dream sheep (Lair:3)
  A spriggan (Lair:6)
  A wraith (D:15)
  A basilisk (Lair:6)
  A vampire mosquito (D:15)
  3 yaks
  Grum (D:8)
  A hungry ghost (D:8)
  An acid dragon (D:8)
  2 porcupines (D:10)
  A black bear (Lair:6)
  5 ice beasts
  8 orc warriors
  5 wolves
  2 boggarts (Lair:6)
  5 centaurs
  A big kobold (D:8)
  2 bullfrogs
  A water moccasin skeleton (D:8)
  3 killer bees (D:8)
  2 wights (D:8)
  A crimson imp (D:7)
  15 orc priests (Orc:2)
  A centaur skeleton (D:7)
  2 hounds (D:7)
  3 hell rats (D:10)
  13 orc wizards
  A worker ant (D:8)
  2 adders (D:7)
  A gnoll (D:10)
  An adder skeleton (D:7)
  22 orcs
  4 goblins (D:7)
  5 kobolds (D:8)
  A leopard gecko zombie (D:7)
  A rat (D:10)
  A crawling corpse (D:12)
  2 fungi (Lair:6)
166 creatures vanquished.

Vanquished Creatures (others)
  An orc high priest (Orc:2)
  An orc sorcerer (Orc:2)
  3 slime creatures (Swamp:2)
  A blink frog (Lair:1)
  3 killer bees (D:13)
  2 orc priests (Orc:2)
  2 orc wizards
  2 worker ants
  Robin (D:4)
  An adder (D:8)
  4 ball lightnings (D:8)
  3 orcs
  7 goblins (D:4)
  3 hobgoblins (D:4)
  A quokka (D:8)
  A bush (Lair:4)
  3 fungi
  6 plants
45 creatures vanquished.

Grand Total: 908 creatures vanquished

Notes
Turn   | Place    | Note
-------+----------+-------------------------------------------
     0 | D:1      | mhoghedin the Ghoul Gladiator began the quest for the Orb.
     0 | D:1      | Reached XP level 1. HP: 17/17 MP: 0/0
    36 | D:1      | HP: 4/18 [jackal (1)]
    45 | D:1      | HP: 2/18 [bat (1)]
   393 | D:1      | Reached XP level 2. HP: 11/25 MP: 1/1
   395 | D:1      | Reached skill level 3 in Maces & Flails
   725 | D:1      | Reached skill level 3 in Fighting
   765 | D:1      | Reached XP level 3. HP: 26/31 MP: 2/2
  1002 | D:2      | Found an opulent altar of Gozag.
  1260 | D:2      | Found a bloodstained altar of Trog.
  1261 | D:2      | Found a sparkling altar of Nemelex Xobeh.
  1302 | D:2      | Became a worshipper of Nemelex Xobeh the Trickster
  1305 | D:2      | You fall through a shaft!
  1311 | D:3      | Noticed a centaur
  1318 | D:3      | HP: 4/31 [quokka (4)]
  1432 | D:3      | Reached skill level 1 in Invocations
  1432 | D:3      | Reached XP level 4. HP: 28/40 MP: 3/3
  1445 | D:3      | HP: 10/40 [quokka (1)]
  1634 | D:3      | Received a gift from Nemelex Xobeh
  1639 | D:3      | Reached skill level 4 in Fighting
  1639 | D:3      | Reached XP level 5. HP: 36/46 MP: 4/4
  1668 | D:3      | Reached skill level 4 in Maces & Flails
  1738 | D:3      | Found a glowing drain.
  1745 | Sewer    | Entered a sewer
  1786 | Sewer    | Noticed a crocodile
  1789 | Sewer    | Killed a crocodile
  1789 | Sewer    | Reached skill level 5 in Fighting
  1789 | Sewer    | Reached XP level 6. HP: 41/56 MP: 5/5
  2140 | D:3      | Reached * piety under Nemelex Xobeh
  2570 | D:4      | Noticed Blork the orc
  2573 | D:4      | Noticed Menkaure
  2574 | D:4      | Noticed Blork
  2574 | D:4      | Blork the orc changed into Blork the worker ant
  2576 | D:4      | Killed Blork the worker ant
  2576 | D:4      | Reached skill level 5 in Maces & Flails
  2586 | D:4      | Killed Menkaure
  2586 | D:4      | Reached XP level 7. HP: 21/62 MP: 6/6
  2827 | D:4      | Received a gift from Nemelex Xobeh
  2833 | D:4      | Reached skill level 6 in Fighting
  3195 | D:4      | Noticed Duvessa
  3195 | D:4      | Noticed Dowan
  3207 | D:4      | Killed Duvessa
  3213 | D:4      | Killed Dowan
  3213 | D:4      | Reached skill level 6 in Maces & Flails
  3406 | D:4      | Found a shadowy altar of Dithmenos.
  3407 | D:4      | Noticed Pikel
  3426 | D:4      | Killed Pikel
  3426 | D:4      | Reached skill level 7 in Fighting
  3426 | D:4      | Reached XP level 8. HP: 37/74 MP: 7/7
  3470 | D:4      | Killed Robin
  3628 | D:4      | Found a staircase to the Ecumenical Temple.
  3811 | D:5      | Entered Level 5 of the Dungeon
  3818 | D:5      | Reached ** piety under Nemelex Xobeh
  3866 | D:5      | Reached skill level 8 in Fighting
  3866 | D:5      | Reached skill level 7 in Maces & Flails
  3902 | D:5      | Found a shattered altar of Ashenzari.
  3903 | D:5      | Found a blossoming altar of Fedhas.
  3994 | D:5      | HP: 18/74 [centaur (4)]
  4161 | D:5      | Noticed Sigmund
  4196 | D:5      | Killed Sigmund
  4196 | D:5      | Reached XP level 9. HP: 52/82 MP: 8/8
  4255 | D:5      | Reached skill level 9 in Fighting
  4612 | D:5      | Reached skill level 8 in Maces & Flails
  4686 | D:5      | Got a dazzling chain mail
  4694 | D:5      | Received a gift from Nemelex Xobeh
  5161 | D:6      | Received a gift from Nemelex Xobeh
  5178 | D:6      | Found Suskiphe's Antique Weapon Shoppe.
  5520 | D:6      | You fall through a shaft for 3 floors!
  5556 | D:8      | Reached *** piety under Nemelex Xobeh
  5575 | D:8      | HP: 15/85 [yak (12)]
  5587 | D:8      | Reached skill level 10 in Fighting
  5596 | D:8      | HP: 21/85 [yak (2)]
  5600 | D:8      | Reached skill level 9 in Maces & Flails
  5620 | D:8      | HP: 13/85 [iguana (4)]
  5693 | D:8      | Received a gift from Nemelex Xobeh
  5831 | D:8      | Reached XP level 10. HP: 94/94 MP: 9/9
  5854 | D:7      | Found a flagged portal.
  5856 | D:7      | Found a burning altar of Makhleb.
  5918 | D:7      | Noticed sankara's ghost (novice DrTm)
  5932 | D:7      | Killed sankara's ghost
  5932 | D:7      | Reached skill level 3 in Dodging
  5932 | D:7      | Reached skill level 2 in Invocations
  5948 | Bailey   | Entered a bailey
  6011 | Bailey   | HP: 21/94 [orc/bolt (16)]
  6019 | Bailey   | HP: 9/94 [orc/bolt (7)]
  6022 | Bailey   | HP: 1/94 [orc/bolt (8)]
  6332 | D:7      | Received a gift from Nemelex Xobeh
  6526 | D:7      | Reached skill level 3 in Invocations
  6538 | D:7      | Reached **** piety under Nemelex Xobeh
  6792 | D:6      | Reached skill level 4 in Dodging
  6810 | D:6      | Received a gift from Nemelex Xobeh
  7071 | D:6      | Reached skill level 4 in Invocations
  7460 | D:8      | Noticed Grum
  7485 | D:8      | Killed Grum
  7543 | D:8      | Reached skill level 5 in Dodging
  7543 | D:8      | Reached skill level 5 in Invocations
  8083 | D:8      | Reached skill level 6 in Invocations
  8147 | D:8      | Reached skill level 6 in Dodging
  8285 | D:8      | Noticed Erica
  8293 | D:8      | Killed Erica
  8293 | D:8      | Reached skill level 7 in Invocations
  8293 | D:8      | Reached XP level 11. HP: 88/101 MP: 13/15
  8548 | D:8      | Received a gift from Nemelex Xobeh
  8602 | D:8      | Reached skill level 7 in Dodging
  8686 | D:9      | Reached skill level 8 in Invocations
  8833 | D:9      | Noticed a two-headed ogre
  8839 | D:9      | Killed a two-headed ogre
  9012 | D:9      | Got a wavering pewter ring
  9013 | D:9      | Identified the ring of Aprudgh {+Fly Stlth-} (You found it on level 9 of the Dungeon)
  9029 | D:9      | Identified the +7 chain mail of the Monk {*Drain rF+ Str+3 Stlth+} (You found it on level 5 of the Dungeon)
  9094 | D:10     | Entered Level 10 of the Dungeon
  9094 | D:10     | Found a staircase to the Lair.
  9094 | D:10     | Received a gift from Nemelex Xobeh
  9094 | D:10     | Noticed a death yak
  9104 | D:10     | Noticed a death yak
  9104 | D:10     | Noticed a death yak
  9108 | D:10     | Killed a death yak
  9108 | D:10     | Reached skill level 1 in Shields
  9128 | D:10     | Killed a death yak
  9136 | D:10     | Reached skill level 2 in Shields
  9144 | D:10     | Killed a death yak
  9144 | D:10     | Reached skill level 10 in Maces & Flails
  9144 | D:10     | Reached skill level 8 in Dodging
  9146 | D:10     | Noticed a two-headed ogre
  9152 | D:10     | Killed a two-headed ogre
  9625 | D:10     | Reached skill level 11 in Fighting
  9627 | D:10     | Reached skill level 1 in Armour
  9781 | D:10     | Noticed a two-headed ogre
  9784 | D:10     | Reached XP level 12. HP: 110/110 MP: 17/17
  9814 | D:10     | Killed a two-headed ogre
 10068 | D:10     | Received a gift from Nemelex Xobeh
 10160 | D:10     | Noticed Fannar
 10188 | D:10     | Noticed Fannar
 10188 | D:10     | Fannar changed into Fannar the glowing orange brain
 10198 | D:10     | Killed Fannar the glowing orange brain
 10198 | D:10     | Reached skill level 2 in Armour
 10289 | D:10     | Reached ***** piety under Nemelex Xobeh
 10365 | D:10     | Noticed a two-headed ogre
 10373 | D:10     | Killed a two-headed ogre
 10373 | D:10     | Reached skill level 9 in Invocations
 10575 | Lair:1   | Entered Level 1 of the Lair of Beasts
 10809 | Lair:1   | Reached skill level 3 in Armour
 11083 | Lair:1   | Received a gift from Nemelex Xobeh
 11705 | Lair:2   | Reached skill level 3 in Shields
 11761 | Lair:2   | Received a gift from Nemelex Xobeh
 11897 | Lair:2   | Found a frozen archway.
 11914 | IceCv    | Entered an ice cave
 11924 | IceCv    | Reached skill level 9 in Dodging
 11929 | IceCv    | Found a transporter.
 12073 | Lair:2   | Found a labyrinth entrance.
 12085 | Lair:2   | Got a pair of polished gloves
 12096 | Lair:2   | Identified the cursed +0 pair of gloves of Repulsion {rC+ rCorr} (You found it on level 2 of the Lair of Beasts)
 12178 | Lair:2   | Found a burning altar of Makhleb.
 12284 | Lair:2   | Found a hole to the Spider Nest.
 12445 | Lair:2   | Received a gift from Nemelex Xobeh
 12686 | Lair:3   | Reached skill level 4 in Armour
 13014 | Lair:3   | Found a staircase to the Swamp.
 13081 | Lair:3   | Noticed an eight-headed hydra
 13085 | Lair:3   | Killed an eight-headed hydra
 13086 | Lair:3   | Reached XP level 13. HP: 110/116 MP: 19/19
 13089 | Lair:3   | Reached skill level 12 in Fighting
 13090 | Lair:3   | Reached skill level 11 in Maces & Flails
 13090 | Lair:3   | Reached skill level 10 in Invocations
 13105 | Lair:3   | Received a gift from Nemelex Xobeh
 13125 | Lair:3   | Found an opulent altar of Gozag.
 13512 | Lair:3   | Received a gift from Nemelex Xobeh
 13953 | Lair:4   | Noticed Rupert
 13963 | Lair:4   | Received a gift from Nemelex Xobeh
 14002 | Lair:4   | Reached ****** piety under Nemelex Xobeh
 14366 | Lair:4   | Noticed wazuzu's ghost (journeyman MiMo)
 14394 | Lair:4   | Killed wazuzu's ghost
 14614 | Lair:5   | Received a gift from Nemelex Xobeh
 14649 | Lair:5   | Reached skill level 5 in Armour
 14823 | Lair:5   | Received a gift from Nemelex Xobeh
 14934 | Lair:5   | Received a gift from Nemelex Xobeh
 15438 | Lair:6   | Entered Level 6 of the Lair of Beasts
 15438 | Lair:6   | Received a gift from Nemelex Xobeh
 15658 | Lair:6   | Reached skill level 10 in Dodging
 15670 | Lair:6   | Received a gift from Nemelex Xobeh
 15734 | Lair:6   | Paralysed by Rupert for 5 turns
 15738 | Lair:6   | Killed Rupert
 15779 | Lair:6   | Reached skill level 11 in Invocations
 15793 | Lair:6   | Received a gift from Nemelex Xobeh
 15973 | Lair:6   | Reached skill level 6 in Armour
 16096 | Lair:6   | Reached XP level 14. HP: 80/127 MP: 21/21
 16199 | Lair:6   | Reached skill level 13 in Fighting
 16415 | Lair:6   | Found a staircase to the Slime Pits.
 16720 | Lair:6   | Received a gift from Nemelex Xobeh
 16908 | Lair:6   | HP: 32/129 [black mamba[a boggart] (7)]
 17567 | D:11     | Noticed Harold
 17599 | D:11     | Killed Harold
 17801 | D:11     | Got a slimy scale mail
 17839 | D:11     | Identified the +1 scale mail of Vianirr {MR+} (You found it on level 11 of the Dungeon)
 17864 | D:11     | Received a gift from Nemelex Xobeh
 18124 | D:12     | Found a staircase to the Orcish Mines.
 18147 | D:11     | Reached skill level 12 in Maces & Flails
 18447 | D:12     | Noticed a tengu reaver
 18460 | D:12     | HP: 16/129 [deep elf high priest/damnation (27)]
 18476 | D:12     | Killed a tengu reaver
 18480 | D:12     | HP: 31/129 [deep elf high priest/divine providence (15)]
 18484 | D:12     | Reached skill level 7 in Armour
 18613 | D:12     | Found a shimmering altar of Xom.
 18613 | D:12     | Found a sparkling altar of Nemelex Xobeh.
 18705 | D:12     | Got a pair of brightly glowing boots
 18762 | D:12     | Received a gift from Nemelex Xobeh
 18913 | D:12     | HP: 24/128 [tengu warrior/great sword (17)]
 18918 | D:12     | HP: 20/128 [slime creature (4)]
 19158 | D:12     | Received a gift from Nemelex Xobeh
 19459 | D:13     | Got a fine platinum ring
 19460 | D:13     | Identified the ring "Irec" {+Inv AC+5} (You found it on level 13 of the Dungeon)
 19471 | D:13     | Identified the cursed +0 pair of boots of the Townfolk {rElec} (You found it on level 12 of the Dungeon)
 19554 | D:13     | Received a gift from Nemelex Xobeh
 19763 | D:13     | Reached skill level 12 in Invocations
 19784 | D:13     | Found a gate to the Vaults.
 19947 | D:13     | Upgraded the game from 0.22-a0-149-g870e420 to 0.22-a0-157-g169b76a
 19987 | D:14     | Noticed Josephine
 19998 | D:13     | Killed Josephine
 20014 | D:14     | Reached skill level 11 in Dodging
 20214 | D:14     | Noticed Nessos
 20245 | D:14     | Killed Nessos
 20357 | D:14     | Reached XP level 15. HP: 108/137 MP: 23/23
 20599 | D:14     | Received a gift from Nemelex Xobeh
 20693 | D:14     | Found a glowing golden altar of the Shining One.
 20985 | D:15     | Entered Level 15 of the Dungeon
 21044 | D:15     | Reached skill level 8 in Armour
 21342 | D:15     | Reached skill level 14 in Fighting
 21564 | D:15     | Found a staircase to the Depths.
 21683 | D:15     | Received a gift from Nemelex Xobeh
 22056 | D:15     | Received a gift from Nemelex Xobeh
 22762 | Orc:1    | Entered Level 1 of the Orcish Mines
 23026 | Orc:2    | Entered Level 2 of the Orcish Mines
 23026 | Orc:2    | Received a gift from Nemelex Xobeh
 23508 | Orc:2    | Received a gift from Nemelex Xobeh
 23517 | Orc:2    | Found a staircase to the Elven Halls.
 23619 | Orc:2    | HP: 31/139 [orc warrior/flail (7)]
 23624 | Orc:2    | HP: 20/139 [orc priest/hand axe (5)]
 23764 | Orc:2    | Found Safupum's Antique Armour Shop.
 23977 | Orc:2    | Noticed Snorg
 23994 | Orc:2    | Killed Snorg
 24198 | Orc:2    | Found Ufrezid's Book Shoppe.
 24199 | Orc:2    | Found Vinues Rouh's Jewellery Emporium.
 24200 | Orc:2    | Found Umezxesmoi's Gadget Emporium.
 24203 | Orc:2    | Found Camoushre's Magic Scroll Shoppe.
 24209 | Orc:2    | Bought an uncursed ring of see invisible for 180 gold pieces
 24270 | Orc:2    | Received a gift from Nemelex Xobeh
 24435 | Orc:2    | Found a roughly hewn altar of Beogh.
 24469 | Orc:1    | Noticed Erolcha
 24475 | Orc:1    | Killed Erolcha
 24578 | Elf:1    | Entered Level 1 of the Elven Halls
 24605 | Orc:2    | HP: 30/137 [glaive of chopping (9)]
 24605 | Orc:2    | HP: 8/137 [something/shard of ice (9)]
 24940 | Spider:1 | Entered Level 1 of the Spider Nest
 24940 | Spider:1 | Received a gift from Nemelex Xobeh
 24973 | Lair:2   | HP: 31/136 [wolf spider (8)]
 24974 | Lair:2   | Reached skill level 13 in Invocations
 24975 | Lair:2   | HP: 14/136 [wolf spider (17)]
 25269 | Spider:1 | Reached skill level 13 in Maces & Flails
 25354 | Swamp:1  | Entered Level 1 of the Swamp
 25697 | Swamp:1  | You fall through a shaft!
 25731 | Swamp:2  | Noticed a thorn hunter
 25742 | Swamp:2  | Reached skill level 9 in Armour
 25746 | Swamp:2  | HP: 23/139 [thorn hunter/volley of thorns (18)]
 25748 | Swamp:2  | HP: 7/139 [thorn hunter (15)]
 25749 | Swamp:2  | HP: 3/139 [seven-headed hydra (4)]
 25751 | Swamp:2  | HP: 1/139 [seven-headed hydra (2)]
 25753 | Swamp:2  | Killed from afar by a thorn hunter

Vault maps used:
D:1:      scummos_arrival_gate
D:2:      chequers_temple_overflow_statue_of_worship,
          nicolae_gozag_cash_rules_everything_around_me, minivault_27
D:3:      gup_sewer_entry_bubbles, first_ration
D:4:      minmay_temple_entry_overgrown, abandoned_shop, lemuel_tele_altar,
          uniq_blork_the_orc, uniq_duvessa, uniq_robin, uniq_menkaure,
          uniq_pikel
D:5:      nicolae_overflow_hidden_temple, lightli_ossuary_entry_decrepit_ruins,
          grunt_decor_resistance, kennysheep_crisscross,
          minmay_misc_feat_diagonals, uniq_sigmund
D:6:      serial_shops, nicolae_shop_trees
D:7:      nicolae_overflow_crystal_walls, serial_glass, glass_columns_c,
          glass_columns_a, enter_bailey_3
D:8:      minmay_the_grid_triangle_9x9_recursive_2, uniq_erica, uniq_grum
D:10:     dpeg_lair_monsters, serial_ice, serial_ice_h, serial_ice_a,
          serial_ice_m, serial_ice_l, uniq_fannar
D:11:     blue_anna_alchemist, uniq_harold
D:12:     david_orc_2, jmf_multi_god_temple
D:13:     david_vaults_1
D:14:     tso_altar, kennysheep_generic_room_4, uniq_josephine, uniq_nessos
D:15:     grunt_enter_depths_magical_seal, special_room
Lair:1:   infiniplex_staircase_pool_2
Lair:2:   spider_nest_entry_rubble, lab_entry_generic,
          portal_ice_cave_entry_pillars_1, lemuel_oklob_altar,
          infiniplex_staircase_pool
Lair:3:   minmay_swamp_entry_worms, lemuel_centaur_altar
Lair:4:   uniq_rupert
Lair:5:   serial_bayou_pond_d, grunt_megastairs_1
Lair:6:   minmay_lair_end_enchanted_forest, dpeg_slime_entry_corner
Swamp:1:  nicolae_swamp_fairy_circle
Swamp:2:  nicolae_swamp_triple_paths
Orc:1:    serial_shops, shop, special_room, lightli_orcish_oven, uniq_erolcha,
          uniq_nergalle
Orc:2:    st_orc_mages, serial_shops, nicolae_shop_waterfront,
          minmay_orc_temple_a, uniq_snorg
Elf:1:    minmay_elf_annihilation, dk_noncrumbling_4
Sewer:    sewer_big_baddie
Bailey:   bailey_polearm_2, bailey
IceCv:    ice_cave_statue_garden_teleport

Skill      XL: |  1  2  3  4  5  6  7  8  9 10 11 12 13 14 15 |
---------------+----------------------------------------------+-----
Maces & Flails | 3 4 5 6 7 9 10 11 12 13 | 13.0
Fighting       | 3 4 5 7 8 10 11 12 13 14 | 14.5
Invocations    | 1 7 8 9 11 12 13 | 13.1
Dodging        | 6 8 9 10 11 | 11.9
Shields        | 2 3 |  3.0
Armour         | 1 4 6 7 9 |  9.0
Throwing       | |  1.7

Action                   |  1- 3 |  4- 6 |  7- 9 | 10-12 | 13-15 || total
-------------------------+-------+-------+-------+-------+-------++-------
Melee: Flail             |   116 |   138 |    64 |       |       ||   318
       Whip              |       |       |   230 |       |       ||   230
       Morningstar       |       |       |    34 |   325 |       ||   359
       Dire flail        |       |       |       |   417 |  1991 ||  2408
Invok: Deal Four         |       |       |       |     1 |     3 ||     4
       Triple Draw       |       |       |       |       |     6 ||     6
Evoke: Deck              |       |     6 |    22 |    38 |    75 ||   141
       Wand              |       |     1 |     3 |    14 |       ||    18
       Phantom mirror    |       |       |       |     1 |       ||     1
  Use: Potion            |     4 |     3 |     6 |     2 |     3 ||    18
       Scroll            |     2 |     5 |     7 |    12 |    19 ||    45
 Stab: Petrified         |       |       |       |     3 |     1 ||     4
       Paralysed         |       |       |       |       |     1 ||     1
       Distracted        |       |       |       |       |     6 ||     6
  Eat: Chunk             |     3 |    14 |    26 |    49 |   119 ||   211
Armor: Leather armour    |    70 |    67 |    15 |       |       ||   152
       Scale mail        |       |       |   109 |   173 |       ||   282
       Chain mail        |       |       |       |   265 |  1452 ||  1717
Dodge: Dodged            |   159 |   121 |   136 |   436 |  1307 ||  2159
Block: Shield            |       |       |       |    25 |       ||    25

Table legend:
 A = Spawn XP
 B = Non-spawn XP
 C = Spawn XP percentage of total XP
 D = Spawn monster count
 E = Non-spawn monster count
 F = Spawn count percentage of total count
 G = Total turns spent on level
                    A         B        C        D         E        F      G
               +---------+---------+-------+---------+---------+-------+---------
         Total |       0 |  127182 |   0.0 |       0 |     872 |   0.0 | 25753
               +---------+---------+-------+---------+---------+-------+---------
           D:1 |       0 |      40 |   0.0 |       0 |      23 |   0.0 |   967
           D:2 |       0 |      32 |   0.0 |       0 |      14 |   0.0 |   687
           D:3 |       0 |     323 |   0.0 |       0 |      31 |   0.0 |   777
           D:4 |       0 |    1203 |   0.0 |       0 |      18 |   0.0 |  1260
           D:5 |       0 |    1219 |   0.0 |       0 |      37 |   0.0 |  1315
           D:6 |       0 |    1410 |   0.0 |       0 |      16 |   0.0 |  1078
           D:7 |       0 |    1155 |   0.0 |       0 |      35 |   0.0 |   616
           D:8 |       0 |    6368 |   0.0 |       0 |      79 |   0.0 |  1531
           D:9 |       0 |    2362 |   0.0 |       0 |      24 |   0.0 |   444
          D:10 |       0 |    7122 |   0.0 |       0 |      56 |   0.0 |  1496
          D:11 |       0 |    3289 |   0.0 |       0 |      28 |   0.0 |   799
          D:12 |       0 |    9066 |   0.0 |       0 |      34 |   0.0 |  1122
          D:13 |       0 |    6837 |   0.0 |       0 |      36 |   0.0 |   736
          D:14 |       0 |    9626 |   0.0 |       0 |      48 |   0.0 |  1123
          D:15 |       0 |   17567 |   0.0 |       0 |      72 |   0.0 |  1594
        Lair:1 |       0 |    4400 |   0.0 |       0 |      22 |   0.0 |  1086
        Lair:2 |       0 |    4183 |   0.0 |       0 |      13 |   0.0 |  1170
        Lair:3 |       0 |    3444 |   0.0 |       0 |      20 |   0.0 |  1148
        Lair:4 |       0 |    4983 |   0.0 |       0 |      19 |   0.0 |   986
        Lair:5 |       0 |    6568 |   0.0 |       0 |      22 |   0.0 |   840
        Lair:6 |       0 |   17177 |   0.0 |       0 |      74 |   0.0 |  1891
       Swamp:1 |       0 |    3448 |   0.0 |       0 |       8 |   0.0 |   343
       Swamp:2 |       0 |     726 |   0.0 |       0 |       2 |   0.0 |    56
      Spider:1 |       0 |    2269 |   0.0 |       0 |       5 |   0.0 |    68
         Orc:1 |       0 |    1806 |   0.0 |       0 |      17 |   0.0 |   525
         Orc:2 |       0 |    8929 |   0.0 |       0 |      96 |   0.0 |  1547
         Sewer |       0 |     105 |   0.0 |       0 |       6 |   0.0 |   120
        Bailey |       0 |      15 |   0.0 |       0 |       7 |   0.0 |   299
         IceCv |       0 |    1510 |   0.0 |       0 |      10 |   0.0 |   114
               +---------+---------+-------+---------+---------+-------+---------

Vault maps used:
D:1:      scummos_arrival_gate
D:2:      chequers_temple_overflow_statue_of_worship,
          nicolae_gozag_cash_rules_everything_around_me, minivault_27
D:3:      gup_sewer_entry_bubbles, first_ration
D:4:      minmay_temple_entry_overgrown, abandoned_shop, lemuel_tele_altar,
          uniq_blork_the_orc, uniq_duvessa, uniq_robin, uniq_menkaure,
          uniq_pikel
D:5:      nicolae_overflow_hidden_temple, lightli_ossuary_entry_decrepit_ruins,
          grunt_decor_resistance, kennysheep_crisscross,
          minmay_misc_feat_diagonals, uniq_sigmund
D:6:      serial_shops, nicolae_shop_trees
D:7:      nicolae_overflow_crystal_walls, serial_glass, glass_columns_c,
          glass_columns_a, enter_bailey_3
D:8:      minmay_the_grid_triangle_9x9_recursive_2, uniq_erica, uniq_grum
D:10:     dpeg_lair_monsters, serial_ice, serial_ice_h, serial_ice_a,
          serial_ice_m, serial_ice_l, uniq_fannar
D:11:     blue_anna_alchemist, uniq_harold
D:12:     david_orc_2, jmf_multi_god_temple
D:13:     david_vaults_1
D:14:     tso_altar, kennysheep_generic_room_4, uniq_josephine, uniq_nessos
D:15:     grunt_enter_depths_magical_seal, special_room
Lair:1:   infiniplex_staircase_pool_2
Lair:2:   spider_nest_entry_rubble, lab_entry_generic,
          portal_ice_cave_entry_pillars_1, lemuel_oklob_altar,
          infiniplex_staircase_pool
Lair:3:   minmay_swamp_entry_worms, lemuel_centaur_altar
Lair:4:   uniq_rupert
Lair:5:   serial_bayou_pond_d, grunt_megastairs_1
Lair:6:   minmay_lair_end_enchanted_forest, dpeg_slime_entry_corner
Swamp:1:  nicolae_swamp_fairy_circle
Swamp:2:  nicolae_swamp_triple_paths
Orc:1:    serial_shops, shop, special_room, lightli_orcish_oven, uniq_erolcha,
          uniq_nergalle
Orc:2:    st_orc_mages, serial_shops, nicolae_shop_waterfront,
          minmay_orc_temple_a, uniq_snorg
Elf:1:    minmay_elf_annihilation, dk_noncrumbling_4
Sewer:    sewer_big_baddie
Bailey:   bailey_polearm_2, bailey
IceCv:    ice_cave_statue_garden_teleport

Table legend:
 A = Turns spent in this place as a percentage of turns spent in the entire game.
 B = Non-inter-level travel turns spent in this place as a percentage of non-inter-level travel turns spent in the entire game.
 C = Inter-level travel turns spent in this place as a percentage of turns spent in this place.
 D = Turns resting spent in this place as a percentage of non-inter-level travel turns spent in this place.
 E = Turns spent auto-exploring this place as a percentage of non-inter-level travel turns spent in this place.
 F = Non-inter-level travel turns spent in this place divided by the number of levels of this place that you've seen.
                   A       B       C       D       E      F
               +-------+-------+-------+-------+-------+----------------------
         Total | 100.0 | 100.0 |   4.6 |  20.4 |  50.0 | 818.7
       Dungeon |  60.4 |  60.3 |   4.7 |  16.1 |  53.5 | 987.3
          Lair |  27.7 |  27.7 |   4.5 |  23.0 |  52.2 | 1133.0
         Swamp |   1.5 |   1.6 |   0.0 |  46.4 |  18.0 | 199.5
   Spider Nest |   0.3 |   0.3 |   1.5 |   0.0 |   0.0 |  67.0
  Orcish Mines |   8.0 |   7.9 |   6.5 |  34.8 |  36.4 | 969.0
   Elven Halls |   0.1 |   0.1 |   0.0 |   0.0 |   0.0 |  15.0
         Sewer |   0.5 |   0.5 |   0.0 |  23.3 |  34.2 | 120.0
        Bailey |   1.2 |   1.2 |   0.0 |  51.2 |   0.0 | 299.0
      Ice Cave |   0.4 |   0.5 |   0.0 |  18.4 |   0.0 | 114.0
               +-------+-------+-------+-------+-------+----------------------

Table legend:
 A = Kills in this place as a percentage of kills in entire the game.
 B = Kills by you in this place as a percentage of kills by you in the entire game.
 C = Kills by friends in this place as a percentage of kills by friends in the entire game.
 D = Other kills in this place as a percentage of other kills in the entire game.
 E = Experience gained in this place as a percentage of experience gained in the entire game.
 F = Experience gained in this place divided by the number of levels of this place that you have seen.
                   A       B       C       D       E      F
               +-------+-------+-------+-------+-------+----------------------
         Total | 100.0 | 100.0 | 100.0 | 100.0 | 100.0 | 4239.4
       Dungeon |  63.2 |  66.9 |  48.5 |  52.9 |  53.2 | 4507.9
          Lair |  19.5 |  19.7 |  18.4 |  23.5 |  32.0 | 6792.5
         Swamp |   1.1 |   1.3 |   0.6 |   0.0 |   3.3 | 2087.0
   Spider Nest |   0.6 |   0.7 |   0.0 |   0.0 |   1.8 | 2269.0
  Orcish Mines |  13.0 |  10.0 |  24.5 |  23.5 |   8.4 | 5367.5
         Sewer |   0.7 |   0.9 |   0.0 |   0.0 |   0.1 | 105.0
        Bailey |   0.8 |   0.1 |   3.7 |   0.0 |   0.0 |  15.0
      Ice Cave |   1.1 |   0.4 |   4.3 |   0.0 |   1.2 | 1510.0
               +-------+-------+-------+-------+-------+----------------------
